 Dungeon Crawl Stone Soup version 0.27-a0-1273-gec92ba881d (webtiles) character file.

Game seed: 14004423992183315471

28683 polve the Severer (level 13, -8/99 HPs)
             Began as a Demonspawn Gladiator on June 11, 2021.
             Was the Champion of Uskayaw.
             Killed from afar by a starcursed mass (9 damage)
             ... with an accursed screaming
             ... on level 2 of the Abyss.
             The game lasted 00:14:28 (15165 turns).

polve the Severer (Demonspawn Gladiator)           Turns: 15165, Time: 00:14:29

Health: -8/99      AC: 23    Str: 26    XL:     13   Next: 11%
Magic:  0/19       EV: 13    Int:  7    God:    Uskayaw [******]
Gold:   910        SH:  4    Dex: 28    Spells: 12/12 levels left

rFire    + . .     SeeInvis +   t - +12 war axe of Byaxur {vorpal, Drain Int-3 Dex+8 SInv}
rCold    + . .     Faith    .   (no shield)
rNeg     . . .     Spirit   +   j - +4 chain mail
rPois    .         Reflect  .   (helmet restricted)
rElec    .         Harm     .   w - scarf {rC+ rF+}
rCorr    .         Rampage  .   (no gloves)
Will     .....                  b - +0 pair of boots
Stlth    ..........             (no amulet)
HPRegen  0.00/turn              J - +6 ring of dexterity
MPRegen  0.32/turn              G - +6 ring of strength

@: mildly diseased, hasted, very quick
A: antennae 1, icemail 1, magic shield, magic regeneration, sharp scales 3,
condensation shield
a: Renounce Religion, Stomp, Line Pass, Grand Finale


You were on level 2 of the Abyss.
You worshipped Uskayaw.
Uskayaw was aware of your devotion.
You visited 2 branches of the dungeon, and saw 13 of its levels.
You visited the Abyss 1 time.
You also visited: Ossuary and Bailey.

You collected 910 gold pieces.

Inventory:

Hand Weapons
 t - the +12 war axe of Byaxur (weapon) {vorpal, Drain Int-3 Dex+8 SInv}
   (You found it on level 5 of the Dungeon)

   It inflicts extra damage upon your enemies.
   It affects your intelligence (-3).
   It affects your dexterity (+8).
   It lets you see invisible.
   It drains your maximum health when unequipped.
 F - a +0 broad axe
Missiles
 d - 7 throwing nets (quivered)
 K - a curare-tipped dart
Armour
 b - a +0 pair of boots (worn)
 c - a +0 helmet
 j - a +4 chain mail (worn)
 w - a scarf of resistance (worn)
 D - a +2 hat of stealth
Jewellery
 a - a +6 ring of intelligence
 f - a +6 ring of intelligence
 y - a ring of positive energy
 E - a ring of protection from cold
 G - a +6 ring of strength (right hand)
 J - a +6 ring of dexterity (left hand)
Wands
 k - a wand of flame (11)
 l - a wand of paralysis (14)
 p - a wand of iceblast (6)
Scrolls
 g - 5 scrolls of enchant armour
 h - 6 scrolls of teleportation
 i - 3 scrolls of identify
 n - 7 scrolls of amnesia
 o - 3 scrolls of blinking
 q - a scroll of silence
 s - 4 scrolls of magic mapping
 u - 2 scrolls of fog {unknown}
 v - a scroll of enchant weapon {unknown}
 H - a scroll of fear {unknown}
Potions
 r - a potion of brilliance {unknown}
 x - 2 potions of resistance
 z - 3 potions of cancellation
 A - a potion of lignification {unknown}
 B - 2 potions of mutation {unknown}
 C - 3 potions of haste {unknown}
 I - a potion of degeneration {unknown}
 L - 2 potions of ambrosia
 M - a potion of attraction {unknown}
 N - 2 potions of invisibility {unknown}


   Skills:
 + Level 8.7 Fighting
 - Level 15.1 Axes
 - Level 1.7 Throwing
 - Level 8.0 Armour
 - Level 6.0 Dodging
 + Level 8.2 Invocations


You had 12 spell levels left.
You didn't know any spells.
Your spell library contained the following spells:

 Spells                   Type           Power      Damage    Failure   Level
 Magic Dart               Conj           0%         1d3       94%         1
 Blink                    Tloc           N/A        N/A       98%         2
 Call Imp                 Summ           0%         N/A       98%         2
 Slow                     Hex            0%         N/A       98%         2
 Conjure Flame            Conj/Fire      0%         6-21      100%        3
 Mephitic Cloud           Conj/Pois/Air  0%         N/A       100%        3


Dungeon Overview and Level Annotations

Branches:
Dungeon (12/15)            Temple (1/1) D:4            Lair (0/6) D:11
    Orc (0/2) D:10        Ossuary (visited)          Bailey (visited)

Altars:
Ashenzari
Cheibriados
Dithmenos
Elyvilon
Fedhas
Gozag
Hepliaklqana
Kikubaaqudgha
Makhleb
Nemelex Xobeh
Okawaru
Qazlal
Ru
Sif Muna
Trog
Uskayaw
Vehumet
Wu Jian
Xom
Yredelemnul
Zin
The Shining One

Shops:
D:4 [   D:9 (

Annotations:
D:11 3 runed translucent doors


Innate Abilities, Weirdness & Mutations

You have a pair of small antennae on your head.
A meltable icy envelope protects you from harm. (AC +4)
When hurt, damage is shared between your health and your magic reserves.
You regenerate magic rapidly.
You are completely covered in razor-sharp scales. (AC +3, Slay +3)
A meltable shield of frost defends you. (SH +4)


Message History

The helpless starcursed mass fails to defend itself.
You carve the starcursed mass like a ham!!!
You destroy the starcursed mass!
The helpless flying skull fails to defend itself.
You slice the flying skull!!
You destroy the flying skull!
The starcursed mass is no longer paralysed.
The tentacled starspawn is no longer paralysed.
A tentacle flies out from the starspawn's body!
A starspawn tentacle comes into view.
An ancient zyme comes into view.
The flying skull is no longer paralysed.
You feel yourself growing ill in the presence of the ancient zyme.
You feel ill. The ancient zyme closely misses you.
You block the ancient zyme's attack.
You slice the ancient zyme!!
The ancient zyme is heavily damaged.
The ancient zyme barely misses you. The ancient zyme hits you!
* * * LOW HITPOINT WARNING * * *
The starcursed mass shrieks in your mind.
* * * LOW HITPOINT WARNING * * *
A quasit comes into view.
The quasit gives a chilling moan.
You hear a shout!
The starcursed mass shrieks in your mind.
* * * LOW HITPOINT WARNING * * *
You slice the chaos spawn!!
The chaos spawn is severely wounded.
You slice the ancient zyme!! The chaos spawn hits you!
* * * LOW HITPOINT WARNING * * *
You feel yourself speed up. The ancient zyme misses you.
You block the ancient zyme's attack.
The starcursed mass shrieks in your mind.
* * * LOW HITPOINT WARNING * * *
Okay, then.
Blink to where?
Press: ? - help, Dir - move target
As you read the scroll of blinking, it crumbles to dust.
A tentacle flies out from the starspawn's body!
A chorus of shrieks assaults your mind.
You die...

# . # ##.##
..#.### . #
##..#...# # . .
.....#### .
#.#.......#
#.#.†....# # #
#.....#.# #
.....##.#.@..#.# ≈
.#.....#......#
.#. #
.............#...#
#
..#.....#..##.###
5.......X....#.#
#...4.#Xw## .# #.
##...###XXz###
##.#####§#####Zz..
#.....#x##...
##...#


You could see 2 starcursed masses, a tentacled starspawn, a large abomination, a
chaos spawn, a starspawn tentacle and a dire elephant zombie.

Vanquished Creatures
  2 tentacled starspawn (Abyss:2)
  Harold (D:9)
  2 two-headed ogres
  2 centaur warriors
  A catoblepas (D:10)
  A thrashing horror (Abyss:2)
  A wretched star (Abyss:2)
  3 deep elf pyromancers
  A mana viper (Abyss:2)
  A worldbinder (Abyss:2)
  2 cyclopes (D:12)
  A rust devil (D:10)
  A smoke demon (Abyss:2)
  2 kobold demonologists (D:12)
  An efreet (Abyss:2)
  2 trolls
  An ancient zyme (Abyss:2)
  3 raiju (Abyss:2)
  Grinder (D:6)
  3 hornets
  8 slime creatures (D:12)
  2 flying skulls (Abyss:2)
  A meliai zombie (D:11)
  3 fire bats (Abyss:2)
  2 wyverns
  2 wraiths
  5 humans (D:10)
  16 yaks
  A steam dragon (D:8)
  2 neqoxecs (Abyss:2)
  A chaos spawn (Abyss:2)
  4 vampire mosquitoes (D:11)
  Edmund (D:5)
  4 acid dragons
  3 small abominations (Abyss:2)
  2 water moccasins
  A hornet zombie (Ossuary)
  6 orc warriors
  An ice beast (D:6)
  2 black bears
  An ogre (D:6)
  6 centaurs
  A phantom (D:4)
  3 kobold brigands
  4 bullfrogs
  4 scorpions
  2 water moccasin zombies (Ossuary)
  15 killer bees
  9 wights
  2 vampire bats (D:6)
  A howler monkey (D:9)
  8 centaur zombies
  6 hounds
  3 starcursed masses (Abyss:2)
  7 bullfrog zombies
  A gnoll shaman (D:6)
  6 orc priests
  A bullfrog skeleton (D:6)
  A centaur skeleton (D:7)
  2 iguanas (D:5)
  18 mummies (Ossuary)
  10 orc wizards
  2 killer bee zombies
  A howler monkey zombie (Ossuary)
  8 adders
  8 gnolls
  2 shadow imps (D:5)
  A white imp (D:6)
  A worm (D:3)
  2 dart slugs
  23 orcs
  3 bats
  3 bat skeletons (D:6)
  3 bat zombies (D:6)
  5 endoplasms
  3 giant cockroaches
  6 hobgoblins
  15 jackals
  19 kobolds
  A quokka (D:3)
  6 ball pythons
  4 frilled lizards
  8 goblins
  5 rats
  2 starspawn tentacles (Abyss:2)
341 creatures vanquished.

Vanquished Creatures (others)
  8 starspawn tentacles (Abyss:2)
  7 withered plants (Ossuary)
15 creatures vanquished.

Grand Total: 356 creatures vanquished

Notes
Turn   | Place    | Note
-------+----------+-------------------------------------------
     0 | D:1      | polve the Demonspawn Gladiator began the quest for the Orb.
     0 | D:1      | Reached XP level 1. HP: 16/16 MP: 1/1
   108 | D:1      | Reached skill level 3 in Axes
   134 | D:1      | Gained mutation: A meltable shield of frost defends you.
                  | (SH +4) [demonic ancestry]
   134 | D:1      | Reached XP level 2. HP: 20/22 MP: 2/2
  1659 | D:2      | Gained mutation: A meltable icy envelope protects you from
                  | harm. (AC +4) [demonic ancestry]
  1659 | D:2      | Reached XP level 3. HP: 27/27 MP: 3/3
  1664 | D:2      | Reached skill level 4 in Axes
  1830 | D:3      | Found a hazy altar of Hepliaklqana.
  2088 | D:3      | Reached XP level 4. HP: 13/33 MP: 4/4
  2995 | D:4      | Reached skill level 5 in Axes
  3023 | D:4      | Found a staircase to the Ecumenical Temple.
  3211 | D:4      | Noticed a scorpion
  3216 | D:4      | Gained mutation: You are partially covered in razor-sharp
                  | scales. (AC +1, Slay +1) [demonic ancestry]
  3216 | D:4      | Reached XP level 5. HP: 37/38 MP: 5/5
  3310 | Temple   | Entered the Ecumenical Temple
  3752 | Temple   | Became a worshipper of Uskayaw the Reveller
  3818 | D:4      | Noticed a phantom
  3820 | D:4      | Reached * piety under Uskayaw
  3824 | D:4      | Reached ** piety under Uskayaw
  3844 | D:4      | Killed a phantom
  3845 | D:4      | Reached skill level 6 in Axes
  3845 | D:4      | Gained mutation: You regenerate magic rapidly. [demonic
                  | ancestry]
  3845 | D:4      | Reached XP level 6. HP: 15/44 MP: 6/6
  4464 | D:4      | Found Letwyesch's Antique Armour Shop.
  4619 | D:4      | Reached skill level 1 in Armour
  4766 | D:5      | Entered Level 5 of the Dungeon
  4984 | D:5      | Identified the +12 war axe of Byaxur {vorpal, Drain Int-3
                  | Dex+8 SInv}
  5007 | D:5      | Reached XP level 7. HP: 52/52 MP: 7/7
  5203 | D:5      | Reached *** piety under Uskayaw
  5437 | D:5      | Noticed Edmund
  5444 | D:5      | Killed Edmund
  5958 | D:6      | Gained mutation: You are mostly covered in razor-sharp
                  | scales. (AC +2, Slay +2) [demonic ancestry]
  5958 | D:6      | Reached XP level 8. HP: 59/61 MP: 8/8
  5963 | D:6      | Reached **** piety under Uskayaw
  5965 | D:6      | Reached skill level 5 in Armour
  5968 | D:6      | Reached ***** piety under Uskayaw
  6130 | D:6      | Found a sand-covered staircase.
  6141 | Ossuary  | Entered an ossuary
  6150 | Ossuary  | Reached skill level 5 in Fighting
  6314 | Ossuary  | Reached skill level 7 in Axes
  6501 | Ossuary  | Reached XP level 9. HP: 44/69 MP: 9/9
  6810 | D:6      | Reached skill level 8 in Axes
  7234 | D:6      | Noticed Grinder
  7240 | D:6      | Killed Grinder
  7241 | D:6      | Reached skill level 9 in Axes
  7359 | D:6      | Found an ancient bone altar of Kikubaaqudgha.
  7434 | D:6      | Found a shadowy altar of Dithmenos.
  7596 | D:7      | Found a blossoming altar of Fedhas.
  7718 | D:7      | Reached skill level 10 in Axes
  8540 | D:8      | Reached XP level 10. HP: 63/76 MP: 10/10
  8758 | D:8      | Found an iron altar of Okawaru.
  8763 | D:8      | Noticed an eight-headed hydra
  8833 | D:8      | You fall into a shaft and drop 3 floors!
  8875 | D:11     | Reached skill level 11 in Axes
  8894 | D:10     | Entered Level 10 of the Dungeon
  8920 | D:10     | Found a broken altar of Ashenzari.
  8925 | D:10     | Found an opulent altar of Gozag.
  8925 | D:10     | Found a bloodstained altar of Trog.
  8938 | D:10     | Found a basalt altar of Yredelemnul.
  8979 | D:10     | Found a sparkling altar of Nemelex Xobeh.
  9071 | D:10     | Found a staircase to the Orcish Mines.
  9073 | D:10     | Reached ****** piety under Uskayaw
  9433 | D:10     | Reached skill level 12 in Axes
  9531 | D:10     | Found a burning altar of Makhleb.
  9531 | D:10     | Noticed a rust devil
  9696 | D:9      | Found Jagef's Weapon Shop.
  9762 | D:9      | Found a flagged portal.
  9771 | Bailey   | Entered a bailey
  9771 | Bailey   | Noticed an orc knight
  9771 | Bailey   | Noticed an orc knight
  9779 | Bailey   | Noticed an orc knight
  9958 | D:9      | Reached skill level 13 in Axes
 10215 | D:9      | Noticed Harold
 10231 | D:9      | Killed Harold
 10232 | D:9      | Gained mutation: You are completely covered in razor-sharp
                  | scales. (AC +3, Slay +3) [demonic ancestry]
 10232 | D:9      | Reached XP level 11. HP: 71/81 MP: 11/11
 10985 | D:8      | Noticed a two-headed ogre
 10991 | D:8      | Killed a two-headed ogre
 11377 | D:8      | Identified the +5 chain mail of Ru's Envy {*Corrode rN+
                  | Regen+ Int+3}
 11599 | D:8      | Found a shimmering blue altar of Sif Muna.
 11670 | D:10     | Noticed a catoblepas
 11677 | D:10     | Killed a catoblepas
 11678 | D:10     | Reached skill level 14 in Axes
 12572 | D:11     | Noticed a two-headed ogre
 12572 | D:11     | Noticed a centaur warrior
 12572 | D:11     | Noticed a deep elf pyromancer
 12587 | D:11     | Killed a centaur warrior
 12590 | D:11     | Killed a two-headed ogre
 12591 | D:11     | Reached skill level 15 in Axes
 12784 | D:11     | Killed a deep elf pyromancer
 12785 | D:11     | Reached skill level 1 in Invocations
 13055 | D:11     | Found a runed translucent gate.
 13055 | D:11     | Found a runed translucent gate.
 13057 | D:11     | Found a runed translucent gate.
 13057 | D:11     | Noticed a white ugly thing
 13057 | D:11     | Noticed a red ugly thing
 13058 | D:11     | Noticed a red ugly thing
 13059 | D:11     | Noticed a cyan very ugly thing
 13059 | D:11     | Noticed a red ugly thing
 13059 | D:11     | Noticed a green ugly thing
 13060 | D:11     | Noticed a cyan ugly thing
 13060 | D:11     | Noticed a glowing orange brain
 13083 | D:11     | Found a staircase to the Lair.
 13124 | D:11     | Gained mutation: When hurt, damage is shared between your
                  | health and your magic reserves. [demonic ancestry]
 13124 | D:11     | Reached XP level 12. HP: 89/89 MP: 13/13
 13302 | D:12     | Noticed a centaur warrior
 13307 | D:12     | Killed a centaur warrior
 14369 | D:12     | Reached skill level 5 in Invocations
 14702 | D:12     | Cast into level 2 of the Abyss (a wizard)
 15002 | Abyss:2  | Reached skill level 5 in Dodging
 15102 | Abyss:2  | Noticed a tentacled starspawn
 15113 | Abyss:2  | Killed a tentacled starspawn
 15116 | Abyss:2  | Noticed a tentacled starspawn
 15117 | Abyss:2  | Noticed a tentacled starspawn
 15125 | Abyss:2  | Noticed a starcursed mass
 15126 | Abyss:2  | Killed a tentacled starspawn
 15127 | Abyss:2  | Gained mutation: You have a pair of small antennae on your
                  | head. [demonic ancestry]
 15127 | Abyss:2  | Reached XP level 13. HP: 32/99 MP: 7/19
 15139 | Abyss:2  | HP: 3/99 [starcursed mass/accursed screaming (8)]
 15145 | Abyss:2  | HP: 4/99 [starcursed mass/accursed screaming (9)]
 15164 | Abyss:2  | HP: 4/99 [chaos spawn (9)]
 15164 | Abyss:2  | HP: 1/99 [starcursed mass/accursed screaming (3)]
 15165 | Abyss:2  | Killed from afar by a starcursed mass

Illustrated notes

Levels and vault maps discovered:
D:1:      giann_wishing_wells, layout_rooms, chequers_serial_rivers_micro_b
D:2:      layout_basic
D:3:      layout_basic, lemuel_round_altar, minivault_11
D:4:      layout_loops_ring, minmay_temple_entry_sparse_star, serial_shops,
          kennysheep_little_box, eino_tiny_chamber, minmay_misc_feat_hallway,
          wad_rectangle_vault
D:5:      layout_basic, serial_corexii_hall, corexii_hall_statues_i,
          corexii_hall_statues_s, uniq_edmund
D:6:      kennysheep_spiral_hall, layout_cave_pools, kennysheep_mini_moat,
          kennysheep_vampire_church, marbit_many_paths, enter_ossuary_3,
          uniq_grinder
D:7:      layout_rooms, nicolae_overflow_crystal_walls, dk_noncrumbling_3,
          kennysheep_another_room, minmay_door_square
D:8:      layout_basic, okawaru_metal_pillars_3, lemuel_doored_altar
D:9:      layout_loops_ring, serial_shops,
          nicolae_shop_temple_entry_statues_fountains, enter_bailey_3,
          kennysheep_path_1, uniq_harold
D:10:     layout_roguey, minmay_overflow_temple_star_hex, demons_altar,
          david_orc_2, minmay_ruffians
D:11:     kennysheep_big_flooded_room, layout_cave_pools,
          ploomutoo_gammafunk_ghost_potion_laboratory
D:12:     cheibrodos_lost_city_excavation, layout_basic, serial_park_tiny_1
Temple:   jpeg_temple_island
Abyss:2:  base:
Temple

Skill      XL: |  1  2  3  4  5  6  7  8  9 10 11 12 |
---------------+-------------------------------------+-----
Axes           | 3 4 5 6 7 10 13 15 | 15.1
Armour         | 2 4 6 8 |  8.0
Fighting       | 3 4 6 8 |  8.7
Invocations    | 2 8 |  8.2
Dodging        | 3 6 |  6.0
Throwing       | |  1.7

Action                   |  1- 3 |  4- 6 |  7- 9 | 10-12 | 13-15 || total
-------------------------+-------+-------+-------+-------+-------++-------
Melee: War axe           |   114 |   145 |   234 |   331 |    11 ||   835
Throw: Dart              |       |       |       |     1 |       ||     1
Evoke: Wand              |       |       |       |    11 |       ||    11
  Use: Potion            |       |     2 |       |     2 |     7 ||    11
       Scroll            |       |       |       |    13 |     1 ||    14
 Stab: Sleeping          |     2 |       |       |       |       ||     2
       Distracted        |       |     1 |       |       |       ||     1
       Paralysed         |       |       |    16 |    36 |     2 ||    54
Armor: Leather armour    |    16 |       |       |       |       ||    16
       Chain mail        |    70 |    92 |   136 |   193 |     9 ||   500
Dodge: Dodged            |    76 |    42 |    82 |   140 |    18 ||   358
Block: Other             |    24 |    34 |    36 |    59 |     4 ||   157

Table legend: (Time is in decaauts)
 A = Elapsed time spent in this place.
 B = Non-inter-level travel time spent in this place.
 C = Inter-level travel time spent in this place.
 D = Time resting spent in this place.
 E = Time spent auto-exploring this place.
 F = Levels seen in this place.
 G = Mean time per level.
                   A        B        C        D        E       F      G
               +--------+--------+--------+--------+--------+-----+--------+
         Total |  15314 |  14699 |    615 |     86 |  12498 |  16 |  957.1 |
       Dungeon |  13544 |  12973 |    571 |     40 |  11263 |  12 | 1128.7 |
        Temple |    507 |    464 |     43 |      0 |    462 |   1 |  507.0 |
         Abyss |    445 |    445 |      0 |     46 |    266 |   1 |  445.0 |
       Ossuary |    740 |    740 |      0 |      0 |    505 |   1 |  740.0 |
        Bailey |     77 |     77 |      0 |      0 |      0 |   1 |   77.0 |
               +--------+--------+--------+--------+--------+-----+--------+

Top non-repeatable levels by time:
     D:4: 1587 daAuts
    D:10: 1498 daAuts
     D:9: 1150 daAuts
    D:11: 1149 daAuts
    D:12: 1128 daAuts
     D:3: 1075 daAuts
     D:8: 1067 daAuts
     D:5: 1049 daAuts
     D:7: 1036 daAuts
     D:6: 959 daAuts
     D:1: 939 daAuts
     D:2: 901 daAuts
 Ossuary: 740 daAuts
  Temple: 507 daAuts
 Abyss:2: 445 daAuts
